 Dungeon Crawl Stone Soup version 0.27.1-1-g398f81649c (webtiles) character file.

Game seed: 1065257470701420767

93 ZARRMARR the Conjurer (level 4, -1/28 HPs)
             Began as an Octopode Conjurer on Sept 10, 2021.
             Slain by an orc (4 damage)
             ... on level 3 of the Dungeon.
             The game lasted 00:05:27 (3022 turns).

ZARRMARR the Conjurer (Octopode Conjurer)           Turns: 3022, Time: 00:05:28

Health: -1/28      AC:  1    Str:  6    XL:     4   Next: 61%
Magic:  2/7        EV: 13    Int: 21    God:
Gold:   152        SH:  0    Dex: 10    Spells: 7/8 levels left

rFire    . . .     SeeInvis .   (no weapon)
rCold    . . .     Faith    .   (no shield)
rNeg     . . .     Spirit   .   (helmet restricted)
rPois    .         Reflect  .   (no amulet)
rElec    .         Harm     .   (no ring)
rCorr    .         Rampage  .   (no ring)
Will     .....                  (no ring)
Stlth    +++.......             (no ring)
HPRegen  0.09/turn              (no ring)
MPRegen  0.10/turn              (no ring)
                                (no ring)
                                (no ring)

@: no status effects
A: almost no armour, amphibious, 8 rings, camouflage 1, gelatinous body 1,
(nimble swimmer 1), tentacles
a: no special abilities


You were on level 3 of the Dungeon.
You visited 1 branch of the dungeon, and saw 3 of its levels.

You collected 152 gold pieces.

Inventory:

Scrolls
 d - a scroll of teleportation {unknown}
 f - a scroll of identify {unknown}
Potions
 a - a potion of heal wounds {unknown}
 b - 2 potions of curing {unknown}
 c - a potion of haste {unknown}
 e - a potion of invisibility {unknown}


   Skills:
 + Level 1.6 Fighting
 + Level 2.7 Dodging
 + Level 3.8 Stealth
 + Level 2.5 Spellcasting
 + Level 4.4 Conjurations


You had 7 spell levels left.
You knew the following spells:

 Your Spells              Type           Power      Damage    Failure   Level
a - Magic Dart            Conj           84%        1d7       2%          1

Your spell library contained the following spells:

 Spells                   Type           Power      Damage    Failure   Level
 Searing Ray              Conj           42%        3d4       3%          2
 Dazzling Flash           Conj/Hex       22%        N/A       17%         3
 Gell's Gravitas          Tloc           1%         N/A       38%         3
 Teleport Other           Tloc           2%         N/A       38%         3
 Fulminant Prism          Conj/Hex       5%         3d7       50%         4
 Iskenderun's Mystic Bla  Conj/Tloc      11%        2d4       50%         4
 Dispersal                Tloc           1%         N/A       100%        6


Dungeon Overview and Level Annotations

Branches:
Dungeon (3/15)

Altars:
Uskayaw
Zin


Innate Abilities, Weirdness & Mutations

You cannot wear most types of armour.
You are amphibious.
You can wear up to eight rings at the same time.
Your skin changes colour to match your surroundings (Stealth+).
Your rubbery body absorbs attacks. (AC +1, EV +1)
((You are camouflaged near water. (Stealth+)))
You have tentacles for arms and can constrict up to eight enemies at once.


Message History

You are too depleted to draw on your mana recklessly!
You are too depleted to draw on your mana recklessly!
You are too depleted to draw on your mana recklessly!
You are too depleted to draw on your mana recklessly!
You are too depleted to draw on your mana recklessly!
You are too depleted to draw on your mana recklessly!
You are too depleted to draw on your mana recklessly!
You are too depleted to draw on your mana recklessly!
You are too depleted to draw on your mana recklessly!
You are too depleted to draw on your mana recklessly!
The adder closely misses you.
The orc priest mumbles some strange prayers to Beogh against you.
Beogh smites you!
Ouch! That really hurt!
The adder barely misses you.
The orc priest looks satisfied for a moment.
The adder bites you but does no damage.
The orc priest calls upon Beogh to heal the orc.
The orc's wounds heal themselves!
The adder bites you.
You are too injured to fight recklessly!
You are too injured to fight recklessly!
You are too injured to fight recklessly!
You are too injured to fight recklessly!
You are too injured to fight recklessly!
You are too injured to fight recklessly!
You miss the adder. Your grab misses the adder. Your squeeze misses the adder.
The adder is severely wounded.
The adder bites you.
* * * LOW HITPOINT WARNING * * *
You tentacle-slap the adder but do no damage.
Your grab misses the adder.
The adder is severely wounded.
The adder bites you.
* * * LOW HITPOINT WARNING * * *
The orc hits you with a +2 short sword of speed.
* * * LOW HITPOINT WARNING * * *
The adder barely misses you.
The orc hits you with a +2 short sword of speed.
You die...

#............ #.............
#...#........ #...#........
#.. #.###............... ...
#.###.....##........ ...
#.........##....... .).
#######......##...... ...
..........@S..o....# ...
#.######....oJ.#....# ...
..........##........#####...
#####.......................
#.......................
#.......................
#.....##......##........
#.######......##........ #.
#......##........


You could see an orc priest, an adder, an orc and an endoplasm.

Vanquished Creatures
  2 adders
  A worm (D:3)
  A dart slug (D:2)
  3 orcs (D:3)
  7 bats
  4 endoplasms
  3 giant cockroaches
  4 goblins
  7 hobgoblins
  5 jackals
  5 quokkas
  3 ball pythons
  4 frilled lizards
  7 kobolds
  5 rats
61 creatures vanquished.

Notes
Turn   | Place    | Note
-------+----------+-------------------------------------------
     0 | D:1      | ZARRMARR the Octopode Conjurer began the quest for the Orb.
     0 | D:1      | Reached XP level 1. HP: 11/11 MP: 3/3
   441 | D:1      | Reached XP level 2. HP: 18/18 MP: 0/5
  1166 | D:1      | Reached XP level 3. HP: 9/22 MP: 1/6
  1369 | D:1      | Found a faded altar of an unknown god.
  1442 | D:2      | Reached skill level 1 in Fighting
  1531 | D:2      | Found a glowing silver altar of Zin.
  1857 | D:2      | Reached XP level 4. HP: 28/28 MP: 2/7
  2167 | D:3      | Found a hide-covered altar of Uskayaw.
  3022 | D:3      | Slain by an orc

Illustrated notes

Levels and vault maps discovered:
D:1:      dpeg_arrival_long_road, layout_basic,
          shapermc_ecumenical_altar_acropolis, st_stairs_8, nrook_mini_vaults,
          corexii_item_surrounded_by_moat
D:2:      layout_rooms, basic_altar, minmay_misc_feat_nine_boxes,
          minmay_tiny_reverse_x
D:3:      layout_basic, cheibriados_altar_1, lemuel_doored_altar

Skill      XL: |  1  2  3 |
---------------+----------+-----
Stealth        | 3 |  3.8
Fighting       | 1 |  1.6
Dodging        | |  2.7
Spellcasting   | |  2.5
Conjurations   | |  4.4

Action                   |  1- 3 |  4- 6 || total
-------------------------+-------+-------++-------
Melee: Unarmed           |    31 |     4 ||    35
       Constrict         |     8 |     1 ||     9
       Tentacles         |     2 |     1 ||     3
 Cast: Magic Dart        |    68 |    50 ||   118
  Use: Scroll            |     1 |     1 ||     2
Armor: Skin              |    10 |     1 ||    11
Dodge: Dodged            |    27 |     4 ||    31
